 Dungeon Crawl Stone Soup version 0.31-a0-1028-g8808d95 (webtiles) character file.

Game seed: 6167513093333686885

517 PurpleRed the Slasher (level 7, -6/29 (42) HPs)
             Began as a Deep Elf Fighter on Nov 18, 2023.
             Was an Initiate of Okawaru.
             Succumbed to a kobold brigand's curare-tipped dart
             ... on level 3 of the Dungeon.
             The game lasted 00:06:02 (2560 turns).

PurpleRed the Slasher (Deep Elf Fighter)            Turns: 2560, Time: 00:06:03

HP:   -6/29 (42)    AC:  6    Str: 13    XL:     7   Next: 0%
MP:   9/9           EV: 10    Int: 19    God:    Okawaru [......]
Gold: 84            SH:  5    Dex: 16    Spells: 6/6 levels left

rFire   + . .        d - +2 falchion (holy)
rCold   + . .        c - +0 buckler
rNeg    . . .        b - +0 scale mail
rPois   +            (no helmet)
rElec   +            (no cloak)
rCorr   +            (no gloves)
SInv    .            (no boots)
Will    .....        (no amulet) Stlth
                     h - +6 ring of intelligence
HPRegen 0.24/turn    (no ring)
MPRegen 0.11/turn

%: no passive effects
@: lethally poisoned (-6 -> -34), resistant, slowed, very heavily drained, very
slow
A: no striking features
a: Renounce Religion


You were on level 3 of the Dungeon.
You worshipped Okawaru.
Okawaru was noncommittal.
You visited 1 branch of the dungeon, and saw 3 of its levels.

You collected 84 gold pieces.

Inventory:

Hand Weapons
 a - a +0 long sword
 d - a +2 falchion of holy wrath (weapon)
 i - a +0 falchion
Missiles
 r - 5 boomerangs
Armour
 b - a +0 scale mail (worn)
 c - a +0 buckler (worn)
 m - a +0 ring mail
Jewellery
 h - a +6 ring of intelligence (left hand)
Scrolls
 e - a scroll of amnesia {unknown}
 f - a scroll of poison {unknown}
 g - 4 scrolls of teleportation
 n - a scroll of revelation {unknown}
 o - a scroll of butterflies {unknown}
Potions
 p - a potion of attraction {unknown}
 q - a potion of brilliance {unknown}


   Skills:
 + Level 3.9 Fighting
 * Level 5.1 Long Blades
 - Level 2.4 Armour
 + Level 3.9 Dodging
 - Level 2.4 Shields


You had 6 spell levels left.
You didn't know any spells.
Your spell library was empty.

Dungeon Overview and Level Annotations

Branches:
Dungeon (3/15)

Altars:
Okawaru


Message History

* * * LOW HITPOINT WARNING * * *
You feel drained.
* * * LOW HITPOINT WARNING * * *
You are confused.
You feel invigorated.
The kobold brigand hits you with a +2 dagger of draining.
* * * LOW HITPOINT WARNING * * *
You feel drained.
The kobold brigand throws a poisoned dart.
The poisoned dart hits you!
You are poisoned.
You feel better.
You feel less invigorated.
The kobold brigand throws a poisoned dart.
The poisoned dart closely misses you.
Okay, then.
As you read the scroll labelled DYIWAXTUXE, it crumbles to dust.
You feel strangely unstable.
It was a scroll of teleportation.
You closely miss the kobold brigand.
The kobold brigand is almost dead.
The kobold brigand hits you with a +2 dagger of draining.
You feel drained.
You slash the kobold brigand!
You kill the kobold brigand!
Okawaru accepts your kill.
The kobold brigand throws a curare-tipped dart.
The curare-tipped dart hits you.
You are poisoned.
You have difficulty breathing.
You feel yourself slow down.
Your Long Blades skill increases to level 5!
You have reached level 7!
You feel very sick.
The kobold brigand throws a curare-tipped dart.
The curare-tipped dart hits you.
You are lethally poisoned!
You have difficulty breathing.
* * * LOW HITPOINT WARNING * * *
You feel as though you will be slow longer.
You feel protected.
Your surroundings suddenly seem different.
You die...

............#≈..≈≈≈..≈#
#.####..#####.≈≈≈≈≈≈≈.#
#.####.#.# #.........##
....###.##
#.#########.# ###.# ..
#........)..# ###^#
######.###### .##.#
##.## .##.# #####...#
.##.# #....@..# ....#
#.###...# .#### #†#
##### <# #.# .###
#######.#
...###.......#
##...........#
#.##..####..#
##...........#


There were no monsters in sight!

Vanquished Creatures
  Grinder (D:3)
  Sigmund (D:3)
  A kobold brigand (D:3)
  Terence (D:2)
  2 adders
  A worm (D:2)
  3 dart slugs
  4 ball pythons
  4 endoplasms
  3 giant cockroaches
  4 goblins
  5 hobgoblins
  6 jackals
  2 quokkas
  4 bats
  A frilled lizard (D:2)
  9 kobolds
  6 rats
58 creatures vanquished.

Notes
Turn   | Place    | Note
-------+----------+-------------------------------------------
     0 | D:1      | PurpleRed the Deep Elf Fighter began the quest for the Orb.
     0 | D:1      | Reached XP level 1. HP: 13/13 MP: 3/3
    38 | D:1      | Reached skill level 2 in Long Blades
   127 | D:1      | Reached XP level 2. HP: 18/18 MP: 4/4
   709 | D:1      | Reached XP level 3. HP: 22/22 MP: 5/5
   815 | D:1      | Found a faded altar of an unknown god.
   854 | D:2      | Noticed Terence
   973 | D:2      | Reached skill level 1 in Dodging
  1223 | D:2      | Reached skill level 3 in Long Blades
  1225 | D:2      | Killed Terence
  1226 | D:2      | Reached XP level 4. HP: 9/27 MP: 6/6
  1928 | D:3      | Noticed Sigmund
  1936 | D:3      | Killed Sigmund
  1937 | D:3      | Reached skill level 4 in Long Blades
  1937 | D:3      | Reached XP level 5. HP: 12/32 MP: 7/7
  2029 | D:3      | Noticed Grinder
  2061 | D:3      | Paralysed by Grinder for 5 turns
  2069 | D:3      | Paralysed by Grinder for 2 turns
  2072 | D:3      | Killed Grinder
  2073 | D:3      | Reached XP level 6. HP: 13/38 MP: 8/8
  2210 | D:3      | Found an iron altar of Okawaru.
  2218 | D:3      | Became a worshipper of Warmaster Okawaru
  2551 | D:3      | HP: 1/22 [kobold brigand/+2 dagger of draining (2)]
  2559 | D:3      | Reached skill level 5 in Long Blades
  2559 | D:3      | Reached XP level 7. HP: 11/29 MP: 9/9
  2560 | D:3      | Succumbed to a kobold brigand's curare-tipped dart

Illustrated notes

Levels and vault maps discovered:
D:1:      lightli_arrival_noodles, layout_loops_cross,
          shapermc_ecumenical_altar_petra
D:2:      layout_basic, uniq_terence
D:3:      cheibrodos_thug_alley, layout_loops_cross, mainiacjoe_overflow_paths,
          uniq_ijyb, uniq_sigmund, uniq_grinder

Skill      XL: |  1  2  3  4  5  6 |
---------------+-------------------+-----
Long Blades    | 2 3 4 5 |  5.1
Dodging        | 1 2 3 |  3.9
Fighting       | 3 |  3.9
Armour         | |  2.4
Shields        | |  2.4

Action                     |  1- 3 |  4- 6 |  7- 9 || total
---------------------------+-------+-------+-------++-------
  Melee: Long sword        |    50 |       |       ||    50
         Falchion          |    61 |   105 |       ||   166
    Use: Scroll            |     2 |     2 |       ||     4
         Potion            |     1 |     6 |     1 ||     8
 Armour: Scale mail        |    78 |    63 |       ||   141
  Dodge: Dodged            |    33 |    45 |       ||    78
  Block: Buckler           |    22 |    24 |       ||    46

Table legend: (Time is in decaauts)
 A = Elapsed time spent in this place.
 B = Non-inter-level travel time spent in this place.
 C = Inter-level travel time spent in this place.
 D = Time resting spent in this place.
 E = Time spent auto-exploring this place.
 F = Levels seen in this place.
 G = Mean time per level.
                   A        B        C        D        E       F      G
               +--------+--------+--------+--------+--------+-----+--------+
         Total |   2606 |   2524 |     82 |      0 |   1940 |   3 |  868.7 |
       Dungeon |   2606 |   2524 |     82 |      0 |   1940 |   3 |  868.7 |
               +--------+--------+--------+--------+--------+-----+--------+

Top non-repeatable levels by time:
     D:2: 1022 daAuts
     D:1: 920 daAuts
     D:3: 662 daAuts
